[Event "Croatian 1A League 2022"]
[Site "Porec"]
[Date "2022.09.29"]
[Round "6.9"]
[White "Christiansen, Johan-Sebastian"]
[Black "Lalic, Bogdan"]
[Result "1/2-1/2"]
[ECO "B44"]
[WhiteElo "2583"]
[BlackElo "2393"]
[Annotator "TA"]
[PlyCount "41"]
[EventDate "2022.09.24"]
[EventType "team-tourn"]
[EventCountry "CRO"]
[SourceTitle "playchess.com"]
[Source "ChessBase"]
[SourceQuality "1"]
[TimeControl "40/5400+30:1800+30"]

1. e4 c5 2. Nf3 e6 3. g3 Nc6 4. d4 cxd4 5. Nxd4 d5 6. Bg2 {[%emt 0:00:27][%cal Bf1g2,Bg2e4,Be4f3][%mdl 32] B44: Sicilian: Taimanov: 5 Nb5.} dxe4 7. Nxc6 {[%emt 0:00:05][%csl Gc6][%cal Rd1d8] [#]} Qxd1+ 8. Kxd1 bxc6 9. Bxe4 Bb7 10. Bf3 O-O-O+ {[%emt 0:00:31] [#]} 11. Ke2 $146 ({Predecessor:} 11. Ke1 Ne7 12. Nd2 c5 13. Bxb7+ Kxb7 14. Nc4 Nc6 15. c3 Be7 16. Ke2 Rd5 17. Be3 {1-0 (49) Christiansen,J (2607)-Portela Peleteiro,A (2354) Maia 2022}) 11... Ba6+ 12. Ke1 c5 13. Nc3 Ne7 14. Ne2 Nf5 15. Bd2 Be7 16. Bc3 (16. Ba5 {looks sharper.} Rd7 17. Rd1 Bd8 18. Rxd7 Kxd7 19. Bc3) 16... Nd4 17. Nxd4 cxd4 18. Ba5 Rd7 19. Rd1 f5 (19... Kb8 $5 20. Bc6 Rd6 $17) 20. c3 Bf6 ({Black should try} 20... Bb7 $15 21. Bxb7+ Rxb7) 21. cxd4 {[%emt 0:15:07] Weighted Error Value: White=0.08 (flawless) /Black=0.06 (flawless)} 1/2-1/2

[Event "Croatian 1A League 2022"]
[Site "Porec"]
[Date "2022.09.29"]
[Round "6.10"]
[White "Zaja, Ivan"]
[Black "Martinovic, Sasa"]
[Result "0-1"]
[ECO "E71"]
[WhiteElo "2417"]
[BlackElo "2546"]
[Annotator "TA"]
[PlyCount "70"]
[EventDate "2022.09.24"]
[EventType "team-tourn"]
[EventCountry "CRO"]
[SourceTitle "playchess.com"]
[Source "ChessBase"]
[SourceQuality "1"]
[TimeControl "40/5400+30:1800+30"]

1. d4 Nf6 2. c4 g6 3. Nc3 Bg7 4. e4 d6 5. h3 O-O 6. Be3 Na6 7. g4 {[%emt 0:00:34] E71: King's Indian: 4 e4 d6 5 h3.} e5 {[%emt 0:03:19] The modern move.} 8. d5 Nc5 9. Qc2 {[%emt 0:01:37] White has an edge.} a5 (9... c6 $11 {is more appropriate.}) 10. Nge2 c6 11. Ng3 Bd7 12. Be2 cxd5 {[%emt 0:02:02] [#]} 13. exd5 $146 ({Predecessor:} 13. cxd5 a4 14. Qd1 Qa5 15. Bd2 Qb6 16. Rb1 Rfc8 17. Kf1 Qd8 18. h4 Rab8 19. f3 {0-1 (46) Dinstuhl,V (2340)-Sieglen,J (2340) Bad Godesberg 1991}) 13... a4 14. g5 Ne8 15. h4 Qa5 16. O-O-O a3 {[%emt 0:03:55][%cal Oe5e4] Hoping for ...e4!} 17. b3 $1 Rc8 18. h5 b5 19. Bxc5 (19. f3 $16) 19... Rxc5 $11 20. Nce4 Rc8 21. c5 ({Reject} 21. h6 Bh8 $11) (21. Qd2 $11 {is superior.} Qd8 22. hxg6 (22. h6 Bh8 $15)) 21... dxc5 $15 22. d6 (22. Qd2 $11 {remains equal.} Qxd2+ 23. Kxd2) 22... c4 $1 $17 {[%emt 0:10:11] ...cxb3 is the strong threat.} 23. bxc4 bxc4 24. hxg6 hxg6 25. Nc3 $2 {[%emt 0:04:52][%mdl 8192] [#] Against Ba4. Now White is beyond hope.} ({White should play} 25. Qc3 $1 $15 Qb6 26. Qxa3) 25... e4 $1 $19 26. Ngxe4 {[%emt 0:04:57] [#]} f5 $1 {[%emt 0:10:10] Really sharp!} 27. gxf6 Nxf6 28. Nxf6+ Rxf6 29. Nd5 Kf8 30. Rd4 $2 ({Don't go for} 30. Nxf6 $2 Bxf6 31. Bg4 Bxg4 $19) (30. Qc3 Qxc3+ 31. Nxc3) 30... Bf5 (30... Rxf2 $142 31. Qd2 Qb5) 31. d7 $2 (31. Qc3 Qxc3+ 32. Nxc3) 31... Rb8 (31... Rd8 $142 32. Qxc4 Rd6) 32. Nxf6 $2 (32. Qc3 $19 Ra6 33. Nb4) 32... Bxc2 {[%emt 0:03:39] A strong pair of Bishops. Black mates.} 33. Rxc4 Rb1+ 34. Kxc2 Rb2+ 35. Kd3 Qd2+ {[%emt 0:00:18][%mdl 64] Deflection, Double Attack.  Weighted Error Value: White=0.67/Black=0.45} 0-1

[Event "Croatian 1A League 2022"]
[Site "Porec"]
[Date "2022.09.29"]
[Round "6.11"]
[White "Rogic, Davor"]
[Black "Kovacevic, Blazimir"]
[Result "1/2-1/2"]
[ECO "B04"]
[WhiteElo "2458"]
[BlackElo "2405"]
[Annotator "TA"]
[PlyCount "65"]
[EventDate "2022.09.24"]
[EventType "team-tourn"]
[EventCountry "CRO"]
[SourceTitle "playchess.com"]
[Source "ChessBase"]
[SourceQuality "1"]
[TimeControl "40/5400+30:1800+30"]

1. e4 Nf6 2. e5 Nd5 3. d4 d6 4. Nf3 dxe5 5. Nxe5 Nd7 6. Nf3 e6 7. c4 Bb4+ {[%emt 0:01:06] B04: Alekhine's Defence: 4 Nf3.} 8. Nbd2 N5f6 9. Be2 b6 {[%emt 0:01:15] Inhibits c5. The position is equal.} 10. Qa4 Bd6 {[%emt 0:00:06] [#]} 11. c5 $146 (11. b4 $11) ({Predecessor:} 11. Ne5 Bb7 12. Nc6 Bxc6 13. Qxc6 O-O 14. Nf3 Bb4+ 15. Kf1 Bd6 16. g3 e5 17. dxe5 Bxe5 {½-½ (63) Szabo,K (2500)-Aloma Vidal,R (2393) Gibraltar 2008}) 11... bxc5 $15 12. dxc5 Bxc5 13. Nb3 O-O 14. O-O Bd6 15. Bg5 (15. Na5 $15) 15... h6 16. Bh4 Nb6 17. Qa5 Nbd5 18. Rfd1 Bb4 19. Qa4 Bd7 20. Qa6 Qc8 21. Qc4 Rb8 22. Qd4 a5 23. Ne5 {[%emt 0:11:08] [#]} (23. Rac1 $142) 23... c5 $1 $17 24. Qc4 Bb5 25. Qc2 Bxe2 26. Qxe2 a4 27. Nd2 {[%emt 0:04:16] [#]} (27. Bxf6 $17 {was called for.} gxf6 28. Ng4) 27... a3 $1 $19 28. bxa3 Bxa3 (28... Bc3 $19 {White must now prevent ...Nf4.} 29. Nec4 Bxa1 30. Rxa1 Ra8) 29. Ndc4 {[%emt 0:00:40] And now Bxf6 would win.} Qa6 ({Much worse is} 29... Nc3 30. Qf3 Nxd1 31. Rxd1 $11) ({Better is} 29... Bb4 $17 30. Bxf6 Nxf6) 30. Qd3 {[%emt 0:04:19] Inhibits Nc3. Threatens to win with Bxf6.} Bb4 {[%emt 0:01:09] Black is slightly better.} 31. Bxf6 Nxf6 32. a3 Ra8 $1 33. Qc2 {[%emt 0:05:08] Weighted Error Value: White=0.25 (precise) /Black=0.16 (very precise)} 1/2-1/2

[Event "Croatian 1A League 2022"]
[Site "Porec"]
[Date "2022.09.29"]
[Round "6.12"]
[White "Loncar, Robert"]
[Black "Kurajica, Bojan"]
[Result "0-1"]
[ECO "B42"]
[WhiteElo "2367"]
[BlackElo "2488"]
[Annotator "TA"]
[PlyCount "88"]
[EventDate "2022.09.24"]
[EventType "team-tourn"]
[EventCountry "CRO"]
[SourceTitle "playchess.com"]
[Source "ChessBase"]
[SourceQuality "1"]
[TimeControl "40/5400+30:1800+30"]

1. e4 c5 2. Nf3 e6 3. d4 cxd4 4. Nxd4 a6 5. Bd3 Qc7 6. Nc3 Nf6 7. Qe2 d6 8. O-O Nbd7 {[%emt 0:04:15] B42: Sicilian: Kan Variation: 5 Bd3.} 9. Kh1 g6 10. f4 Bg7 $1 {[%emt 0:00:37] The position is equal.} 11. Nf3 O-O $1 12. Bd2 b5 {[%emt 0:08:54] [#]} 13. a4 $146 ({Predecessor:} 13. Rae1 Bb7 14. a4 b4 15. Nd1 a5 16. c3 Nc5 17. e5 Nd5 18. Bb5 Rfd8 19. Nf2 {0-1 (35) Dominguez,L (1999)-Zuluaga Mancilla,C (2221) Pereira 2022}) 13... b4 14. Nd1 a5 15. Nd4 Bb7 16. Nb5 {[%emt 0:01:36] [#]} Qc6 17. Nf2 Nc5 18. Rfe1 Nfd7 $40 {[%emt 0:07:45][%cal Bf6d7,Bd7c5,Bc5e4][%mdl 160] Black wants a kill.} 19. Ra2 (19. c3 $142) 19... f5 $17 {[%emt 0:04:51] Black is more active.} 20. Qf1 (20. c3 $17 {is a better defense.}) 20... fxe4 $19 21. Nxe4 Nxd3 ({Not} 21... Nxe4 22. Bxe4 d5 23. Bf3 $17) 22. cxd3 Nc5 ({Inferior is} 22... Qd5 23. Raa1 $17) 23. Nbxd6 Nxe4 24. Nxe4 Qd5 25. Raa1 Bxb2 {[%emt 0:01:28] This bishop pair is nice.} 26. Rab1 Bg7 27. Rbc1 Rac8 28. h3 Rfd8 29. Rxc8 Rxc8 (29... Bxc8 $2 {loses.} 30. Be3 $19) 30. Kh2 Rd8 31. Re3 Ba6 32. Nf2 (32. Ng5 Bxd3 33. Qe1) 32... b3 {[%emt 0:00:44] Threatens to win with ...b2.} 33. Qb1 (33. Bc1 $142 Rc8 34. Qe1) 33... b2 34. Rg3 Qd4 35. Be3 (35. Nd1 $142) 35... Qxa4 {[%emt 0:00:24] White must now prevent ...Qa1.} 36. d4 Qa1 37. Qe4 b1=Q 38. Qxe6+ Kh8 39. Rg5 Qg1+ 40. Kg3 Qae1 {[%emt 0:00:00] Black mates.} 41. Re5 Bb7 42. d5 Rf8 43. Bd4 Qd2 44. Be3 {[%emt 0:00:28] [#]} Qgxf2+ $3 {[%emt 0:00:13] White got outplayed after the opening.  Weighted Error Value: White=0.84/Black=0.16 (very precise)} 0-1

[Event "Croatian 1A League 2022"]
[Site "Porec"]
[Date "2022.09.29"]
[Round "6.13"]
[White "Shevchenko, Kirill"]
[Black "Kaczur, Florian"]
[Result "1-0"]
[ECO "C09"]
[WhiteElo "2645"]
[BlackElo "2483"]
[Annotator "TA"]
[PlyCount "55"]
[EventDate "2022.09.24"]
[EventType "team-tourn"]
[EventCountry "CRO"]
[SourceTitle "playchess.com"]
[Source "ChessBase"]
[SourceQuality "1"]
[TimeControl "40/5400+30:1800+30"]

1. e4 e6 2. d4 d5 3. Nd2 c5 4. Ngf3 Nc6 5. exd5 exd5 6. Bb5 Qe7+ {[%emt 0:01:26] is currently scoring better than 6...Bd6.} 7. Qe2 {[%emt 0:09:25] C09: French Tarrasch: 3...c5 4 exd5 exd5 5 Ngf3 Nc6.} Qxe2+ 8. Kxe2 a6 9. Bxc6+ {[%emt 0:00:26] The position is equal.} bxc6 10. Re1 f6 11. Kf1+ Kd7 (11... Kf7 $11) 12. Nb3 $14 {[%emt 0:03:26] [#]} cxd4 $146 ({Predecessor:} 12... c4 13. Na5 Bb4 14. Bd2 Bd6 15. b3 cxb3 16. axb3 Ne7 17. c4 Kc7 18. c5 Rb8 19. cxd6+ Kxd6 20. Rxe7 {1-0 (20) Andrejevs,A (2204)-Kairbekova,A (2132) Chess.com INT 2021}) 13. Nfxd4 a5 14. Ne6 $36 {[%emt 0:03:56][%mdl 2048] White is on the roll. White has more active pieces. Pair of Knights!} Bd6 15. Bd2 (15. Nxg7 a4) 15... a4 16. Nbc5+ Bxc5 (16... Ke8 $16) 17. Nxc5+ $18 Kd8 18. Ne6+ Kd7 19. Bb4 Nh6 20. Nxg7 Kc7 21. Bc5 {[%emt 0:03:15] Black must now prevent Re7+.} Bd7 (21... Nf5 $142 22. Ne6+ (22. Ne8+ Rxe8 23. Rxe8 Ba6+ 24. Re2 Re8 $16) 22... Kb7) 22. Re7 Ng8 23. Rf7 {[%emt 0:01:20] [#] Strongly threatening Ne6+.} ({Less strong is} 23. Ne6+ Kc8 24. Rxd7 Kxd7 $14) 23... Nh6 24. Rxf6 Ng4 25. Rf7 {[%emt 0:01:11] aiming for Re1.} Ne5 26. Rf6 {[%emt 0:02:29] Hoping for Bd6+.} Ng4 $1 27. Bd6+ ({Don't do} 27. Rf7 Ne5 $18) 27... Kb6 28. Rf7 {[%emt 0:02:20] Weighted Error Value: White=0.30/Black=0.24 (precise)} 1-0

[Event "Croatian 1A League 2022"]
[Site "Porec"]
[Date "2022.09.29"]
[Round "6.14"]
[White "Janzelj, Tim"]
[Black "Erdos, Viktor"]
[Result "1/2-1/2"]
[ECO "D85"]
[WhiteElo "2456"]
[BlackElo "2597"]
[Annotator "TA"]
[PlyCount "61"]
[EventDate "2022.09.24"]
[EventType "team-tourn"]
[EventCountry "CRO"]
[SourceTitle "playchess.com"]
[Source "ChessBase"]
[SourceQuality "1"]
[TimeControl "40/5400+30:1800+30"]

1. d4 Nf6 2. c4 g6 3. Nc3 d5 4. cxd5 Nxd5 5. e3 Bg7 6. Nxd5 {[%emt 0:00:07] D85: Exchange Grünfeld: Unusual White 7th moves and lines with 7 Nf3.} Qxd5 7. Ne2 O-O 8. Nc3 Qd6 9. Be2 c5 10. d5 e6 11. e4 exd5 12. exd5 Re8 13. O-O Bf5 14. Be3 Nd7 15. Qd2 a6 {[%emt 0:02:00] [#] Prevents Nb5.} 16. a4 $146 {[%emt 0:00:48] Against b5} ({Predecessor:} 16. g4 Be4 17. Rad1 b5 18. Bf4 Qf6 19. Bg5 Qd6 20. Bf4 Qf6 21. Bg5 Qd6 22. Bf4 {½-½ (22) Fischer,D (2367)-Loeffler,W (2394) ICCF email 2017}) 16... Rac8 17. Rfe1 Be5 18. h3 {[%emt 0:10:08] The position is equal.} Nf6 19. Bf3 h5 20. a5 c4 21. Bd4 Bh2+ 22. Kh1 {[%emt 0:00:34] [#] Strongly threatening Bxf6.} Bf4 23. Be3 Be5 24. Bd4 Bf4 25. Be3 Be5 26. Rac1 Bd3 27. Bg5 Nh7 28. Be3 Nf6 29. Bg5 Nh7 30. Bh6 Nf6 31. Bg5 {[%emt 0:06:43] An even fight not without its subleties.  Weighted Error Value: White=0.03 (flawless) /Black=0.03 (flawless)} 1/2-1/2

[Event "Croatian 1A League 2022"]
[Site "Porec"]
[Date "2022.09.29"]
[Round "6.16"]
[White "Ivekovic, Zvonimir"]
[Black "Trbojevic, Mladen"]
[Result "0-1"]
[ECO "C45"]
[WhiteElo "2380"]
[BlackElo "2332"]
[Annotator "TA"]
[PlyCount "98"]
[EventDate "2022.09.24"]
[EventType "team-tourn"]
[EventCountry "CRO"]
[SourceTitle "playchess.com"]
[Source "ChessBase"]
[SourceQuality "1"]
[TimeControl "40/5400+30:1800+30"]

1. e4 e5 2. Nf3 Nc6 3. d4 exd4 4. Nxd4 Bb4+ 5. c3 Bc5 6. Be3 Bb6 7. Nf5 Bxe3 {[%emt 0:00:11] C45: Scotch Game.} 8. Nxe3 (8. fxe3 g6 9. Ng3 Nf6 $15) 8... d6 9. c4 Nge7 {[%emt 0:00:50] White is slightly better.} 10. Nc3 O-O 11. g4 {[%emt 0:01:37] Inhibits f5.} Ng6 $1 12. Qd2 ({White should play} 12. h4 $11) 12... Nce5 {[%emt 0:08:54] [#]} (12... Qh4 $1 $15 13. Be2 Nce5) 13. O-O-O $146 ({Better is} 13. Be2 $11) ({Predecessor:} 13. Be2 Be6 14. O-O-O a6 15. Ncd5 c6 16. Nc3 Qa5 17. Nf5 b5 18. f4 Nxc4 19. Bxc4 Bxc4 {0-1 (28) Zhou,Y (2320)-Bok,B (2453) Porto Carras 2010}) 13... Nxg4 14. Nf5 {[%emt 0:06:06][%cal Oc4c5] Prevents Qh4.} Nh4 (14... Nf6 $17 15. Nd4 Qe7) 15. h3 (15. Rg1 $1 $11 h5 16. Nxh4 Qxh4 17. f3) 15... Nf3 (15... Nxf5 16. hxg4 Nh4 17. Be2 $14) (15... Ne5 $15 16. f4 Neg6 17. Nxh4 Qxh4) 16. Qf4 $11 Nge5 17. h4 (17. Be2 $14 Ng5 18. h4) 17... Bxf5 18. exf5 c5 $1 19. Bg2 ({White should try} 19. Nb5 $11) 19... Nd4 $36 {[%emt 0:02:19][%mdl 2048] White is under pressure. Pair of Knights!} 20. Bd5 {[%emt 0:00:54] [#] White is on the road to losing.} (20. Rhg1 $15) 20... Qf6 $1 $17 21. Rhg1 Qxf5 {[%emt 0:01:34] The board is on fire.} 22. Qxf5 Nxf5 23. f4 (23. h5 $17) 23... Nc6 $19 24. Rg5 Ncd4 (24... Nxh4 25. Bxc6 bxc6 26. Rxd6 $17) 25. Be4 (25. Bxb7 $142 Rae8 26. Bc6) 25... g6 (25... Nxh4 26. Bxh7+ Kxh7 27. Rh5+ Kg6 28. Rxh4) 26. Rdg1 Kh8 (26... Nxh4 $2 27. Rh5 Nhf3 28. Rg2 $19) 27. h5 Rae8 {[%emt 0:00:37][%cal Od4e2] Threatens to win with ...Ne2+!} 28. Bxb7 Ne2+ 29. Nxe2 Rxe2 30. Bd5 Rh2 31. Kb1 (31. Rh1 $142 Rxh1+ 32. Bxh1) 31... Nd4 (31... Rxh5 32. Rxh5 gxh5 33. Rg5 $17) 32. Re1 Rf2 ({Stronger than} 32... Rxh5 33. Rxh5 gxh5 34. Rh1 $17) ({And not} 32... gxh5 33. f5 $19) 33. b4 (33. Rg3 $142) 33... Ne2 {[%emt 0:01:10] aiming for ...Nc3+.} ({Inferior is} 33... Rxf4 34. b5 $17) 34. Rg2 Rxg2 35. Bxg2 Nxf4 {[%emt 0:00:00][%mdl 4096] Endgame KRB-KRN} 36. Bf3 cxb4 37. h6 Ne6 38. Rd1 Rd8 39. Kb2 (39. Bd5 {might work better.}) 39... Nc5 {[%emt 0:00:53] Black is clearly winning.} 40. Bd5 Kg8 41. Kc2 Kf8 42. Rf1 f5 43. Kd2 Re8 44. Rg1 a5 45. Rb1 Ne4+ 46. Kd3 Nc3 47. Rb2 f4 {[%emt 0:01:55] [#] Hoping for ...Re3+.} 48. Bc6 Re3+ 49. Kd4 Ke7 {[%emt 0:00:33] Weighted Error Value: White=0.43/Black=0.16 (very precise)} 0-1

[Event "Croatian 1A League 2022"]
[Site "Porec"]
[Date "2022.09.29"]
[Round "6.17"]
[White "Krstic, Uros"]
[Black "Boric, Muhamed"]
[Result "1/2-1/2"]
[ECO "B90"]
[WhiteElo "2323"]
[BlackElo "2356"]
[Annotator "TA"]
[PlyCount "41"]
[EventDate "2022.09.24"]
[EventType "team-tourn"]
[EventCountry "CRO"]
[SourceTitle "playchess.com"]
[Source "ChessBase"]
[SourceQuality "1"]
[TimeControl "40/5400+30:1800+30"]

1. e4 c5 2. Nf3 d6 3. d4 cxd4 4. Nxd4 Nf6 5. Nc3 a6 6. a4 e5 7. Nf3 Qc7 8. g3 {[%emt 0:11:27] B90: Sicilian Najdorf: Unusual White 6th moves, 6 Be3 Ng4 and 6 Be3 e5.} Be7 9. Bg2 {[%emt 0:00:09] [#]} h6 $146 ({Predecessor:} 9... O-O 10. O-O h6 11. Nh4 Bg4 12. Qd2 Nc6 13. h3 Be6 14. Nf5 Rac8 15. g4 Bxf5 16. exf5 {1-0 (40) Pinter,E (2379)-Rohacek,M (2277) Slovakia 2011}) 10. O-O {[%emt 0:04:50] The position is equal.} Be6 11. Nh4 Nbd7 (11... O-O $11 {keeps the balance.}) 12. Nf5 $16 Bf8 13. a5 {[%emt 0:03:30] White is more active.} ({Better is} 13. Ne3 $16) 13... d5 $1 $15 14. Ne3 d4 15. Ned5 Qc6 16. Nxf6+ Nxf6 17. Na4 Rd8 (17... Nxe4 $2 18. Re1 f5 19. Qh5+ (19. Nb6 Rd8 $18) 19... Ke7 20. Bxe4 (20. Nb6 Re8 $16) 20... fxe4 21. Qxe5 $16) 18. Re1 Bd6 19. Bd2 O-O 20. b3 Rc8 21. Ra2 {[%emt 0:06:09] Weighted Error Value: White=0.20 (precise) /Black=0.09 (flawless)} 1/2-1/2

[Event "Croatian 1A League 2022"]
[Site "Porec"]
[Date "2022.09.29"]
[Round "6.18"]
[White "Zovko, Mario"]
[Black "Vernacki, Srdjan"]
[Result "1-0"]
[ECO "B22"]
[WhiteElo "2306"]
[BlackElo "2280"]
[Annotator "TA"]
[PlyCount "101"]
[EventDate "2022.09.24"]
[EventType "team-tourn"]
[EventCountry "CRO"]
[SourceTitle "playchess.com"]
[Source "ChessBase"]
[SourceQuality "1"]
[TimeControl "40/5400+30:1800+30"]

1. e4 c5 2. Nf3 e6 3. c3 Nf6 4. e5 Nd5 5. d4 cxd4 6. cxd4 b6 7. Bd3 Ba6 8. O-O Be7 9. Nc3 Nxc3 10. bxc3 Bxd3 11. Qxd3 d5 12. exd6 $1 {[%emt 0:00:05] B22: Sicilian: 2 c3.} Qxd6 (12... Bxd6 $14 13. d5 Be7) 13. Ba3 $1 $16 Qc7 (13... Qxa3 $16 14. Qe4 O-O 15. Qxa8 Qa6) 14. Bxe7 $18 {[%emt 0:01:45] White is clearly better.} Kxe7 15. d5 Nd7 16. Rad1 {[%emt 0:15:52] Threatening mate with d6+.} Qd6 17. Rfe1 Nf6 $2 {[%emt 0:12:09] [#]} (17... Kf8 {might work better.} 18. dxe6 Qxd3 19. e7+ (19. Rxd3 Nc5 $18) (19. exd7 Qxd1 20. Rxd1 Ke7 $11) 19... Ke8 20. Rxd3 Nc5) 18. c4 $146 {[%emt 0:16:23] Black must now prevent Nd4.} ({Predecessor:} 18. Nd4 Qxd5 19. Nf5+ Kf8 20. Qg3 Nh5 21. Qc7 {1-0 (21) Fossan,P (2305)-Iskov,G (2345) Gausdal 1988}) 18... Rhe8 19. Qb3 Kf8 20. dxe6 Qc5 {[%emt 0:06:42] [#]} 21. Re5 (21. Ne5 $1 $18 {And now Qf3 would win.} fxe6 22. g4 (22. Nd7+ Nxd7 23. Rxd7 Red8 $16)) 21... Qc7 $16 22. Qb4+ Kg8 23. exf7+ Qxf7 24. Rxe8+ Rxe8 25. h3 h6 26. a4 (26. Qb5 {is interesting.} Kh7 27. Ne5 Qe6 28. Qb1+) 26... Rc8 27. Rd4 Qe6 28. a5 bxa5 29. Qxa5 Rxc4 30. Qxa7 Rxd4 31. Qxd4 {[%emt 0:00:06][%mdl 4096] Endgame KQN-KQN} Qf5 32. Ne5 Qb1+ 33. Kh2 Qf5 34. g4 Qe6 35. Ng6 Qe8 36. Ne5 Qe6 $1 37. Ng6 Qe8 $1 38. Ne5 Qe6 $1 39. Kg2 Nd5 40. f4 Nf6 41. Qd8+ Kh7 42. Kf3 Qa2 43. Qd3+ Kh8 44. Ng6+ Kh7 45. Ne5+ Kh8 $1 46. g5 hxg5 47. fxg5 Qa8+ 48. Kf4 {[%emt 0:00:41] White is more active.} Nd5+ 49. Kg3 {[%emt 0:00:20] aiming for Ng6+.} Ne7 50. Qf3 Qb8 {[%emt 0:02:57][%mdl 8192] [#]} (50... Qxf3+ $16 51. Nxf3 (51. Kxf3 g6 $16) 51... Kh7) 51. Qh5+ $1 {[%emt 0:00:10] Weighted Error Value: White=0.18 (very precise) /Black=0.25 (precise)} 1-0

[Event "Croatian 1A League 2022"]
[Site "Porec"]
[Date "2022.09.29"]
[Round "6.19"]
[White "Cheparinov, Ivan"]
[Black "Kozul, Zdenko"]
[Result "1-0"]
[ECO "B67"]
[WhiteElo "2686"]
[BlackElo "2549"]
[Annotator "TA"]
[PlyCount "63"]
[EventDate "2022.09.24"]
[EventType "team-tourn"]
[EventCountry "CRO"]
[SourceTitle "playchess.com"]
[Source "ChessBase"]
[SourceQuality "1"]
[TimeControl "40/5400+30:1800+30"]

1. e4 {[%emt 0:01:11] Gonzalez Garcia,J} c5 2. Nf3 d6 3. d4 cxd4 4. Nxd4 Nf6 5. Nc3 Nc6 6. Bg5 e6 7. Qd2 a6 8. O-O-O Bd7 9. Kb1 Be7 10. Nxc6 Bxc6 11. f3 O-O 12. h4 Rc8 13. Ne2 {[%emt 0:07:27] [#] B67: Sicilian: Richter-Rauzer: 7...a6 8 0-0-0 Bd7, lines without 9 f4 Be7.} Bb5 $146 ({Predecessor:} 13... b5 14. Nd4 Qb6 15. g4 b4 16. Be3 Qb7 17. g5 Nd7 18. g6 Nc5 19. h5 Bf6 20. Bg5 Be5 21. gxh7+ Kxh7 22. Nxc6 Rxc6 23. f4 Bc3 24. Qg2 Na4 25. e5 dxe5 26. Bf6 Rg8 27. Bd3+ {1-0 (27) Gonzalez Garcia,J (2503)-Teran Alvarez,I (2432) Seville 2011 CBM 140 Extra [Gonzalez Garcia,J]}) 14. Nd4 Bxf1 15. Rhxf1 {[%emt 0:00:08] White is slightly better.} h6 16. Be3 d5 (16... Nd7 $11 {keeps the balance.}) 17. g4 $1 $16 dxe4 18. g5 Nd5 {[%emt 0:00:50] Threatens to win with ...Qb6.} 19. fxe4 Nxe3 20. Qxe3 Bc5 (20... Qc7 $16 {was called for.}) 21. gxh6 $18 g6 (21... Qxh4 $2 22. hxg7 Rfd8 23. Qf3 $1 $18) 22. h5 $1 Kh7 (22... Kh8 $16 {is a better defense.} 23. c3 Qh4) 23. e5 Qh4 $2 {[%emt 0:31:13] [#]} (23... Qe7 {might work better.} 24. Qe4 Bxd4) 24. Qf3 $1 Qe7 (24... Bxd4 $2 25. hxg6+ fxg6 26. Qxb7+ Kxh6 27. Rh1 $18) (24... gxh5 25. Qxb7) 25. Qe4 Bxd4 26. Rxd4 (26. Qxd4 $6 Rfd8 27. Qg4 Rxd1+ 28. Qxd1 Rd8 $16) 26... Kh8 27. Qf3 {[%emt 0:12:39][%cal Od4d7] And now Rd7! would win.} (27. hxg6 $6 fxg6 28. Rg1 Qg5) 27... Qg5 (27... Rcd8 $142) 28. hxg6 ({Weaker is} 28. Qxb7 gxh5 29. Rdf4 (29. Qxa6 Qg2 $16) 29... Rb8 $18) 28... Qxg6 29. Rd2 {[%emt 0:01:54] Active counter play!} (29. Qxb7 $2 {leads to mate.} Qxc2+ 30. Ka1 {[#]} Qc1+ $3 31. Rxc1 Rxc1#) 29... Rg8 30. Qxb7 {[%emt 0:00:44] Hoping for h7.} Qg5 $2 (30... Qf5 31. Qxa6 Qxe5) 31. Re2 $2 (31. h7 Rgf8 32. Rg2) 31... Qf5 32. Qh1 {[%emt 0:00:30] Black got outplayed after the opening.  Weighted Error Value: White=0.46/Black=0.56} 1-0

[Event "Croatian 1A League 2022"]
[Site "Porec"]
[Date "2022.09.29"]
[Round "6.20"]
[White "Stevic, Hrvoje"]
[Black "Hracek, Zbynek"]
[Result "1/2-1/2"]
[ECO "B22"]
[WhiteElo "2565"]
[BlackElo "2556"]
[Annotator "TA"]
[PlyCount "27"]
[EventDate "2022.09.24"]
[EventType "team-tourn"]
[EventCountry "CRO"]
[SourceTitle "playchess.com"]
[Source "ChessBase"]
[SourceQuality "1"]
[TimeControl "40/5400+30:1800+30"]

1. e4 c5 2. c3 Nf6 3. e5 Nd5 4. Nf3 d6 5. d4 cxd4 6. cxd4 dxe5 7. Nxe5 Nc6 8. Bc4 e6 9. Nxc6 bxc6 10. O-O Be7 11. Nc3 O-O {[%emt 0:00:25] The position is equal.} 12. Qe2 {[%emt 0:03:20] [#] B22: Sicilian: 2 c3.} Nxc3 $146 ({Predecessor:} 12... Bb7 13. Rd1 Nxc3 14. bxc3 c5 15. Rb1 Bd5 16. Bxd5 Qxd5 17. c4 Qf5 18. Rb7 Rfe8 19. Be3 cxd4 20. Rxd4 {½-½ (47) Pourramezanali,A (2510)-Idani,P (2576) Teheran 2017}) 13. bxc3 Qa5 14. Bd2 {[%emt 0:02:52] An uneventful encounter.} 1/2-1/2